 Dungeon Crawl Stone Soup version 0.25-a0-589-g1e14c54 (webtiles) character file.

Game seed: 990432782740362802, levelgen mode: deterministic

25 BlueFish the Covered (level 2, -1/27 HPs)
             Began as a Minotaur Fighter on Mar 9, 2020.
             Slain by a gnoll (2 damage)
             ... on level 2 of the Dungeon.
             The game lasted 00:01:07 (492 turns).

BlueFish the Covered (Minotaur Fighter)              Turns: 492, Time: 00:01:07

Health: -1/27      AC:  4    Str: 20    XL:     2   Next: 86%
Magic:  1/1        EV: 11    Int:  8    God:
Gold:   85         SH:  0    Dex:  9    Spells: 1/1 levels left

rFire    . . .     SeeInvis .   a - +0 long sword
rCold    . . .     Gourm    .   (no shield)
rNeg     . . .     Faith    .   m - +0 leather armour (curse)
rPois    .         Spirit   .   (helmet restricted)
rElec    .         Reflect  .   (no cloak)
rCorr    .         Harm     .   n - +0 pair of gloves
MR       .....                  (no boots)
Stlth    +.........             (no amulet)
HPRegen  0.09/turn              i - +3 ring of intelligence
MPRegen  0.07/turn              (no ring)

@: no status effects
A: retaliatory headbutt, horns 2
a: no special abilities


You were on level 2 of the Dungeon.
You were not hungry.

You visited 1 branch of the dungeon, and saw 2 of its levels.

You collected 85 gold pieces.

Inventory:

Hand Weapons
 a - a +0 long sword (weapon)
 e - a +4 short sword
Armour
 b - a +0 scale mail
 c - a +0 kite shield
 m - a cursed +0 leather armour (worn)
 n - a +0 pair of gloves (worn)
Jewellery
 i - a +3 ring of intelligence (left hand)
Scrolls
 j - a scroll of fog
Potions
 d - a potion of might
 l - 2 potions of haste
Comestibles
 f - 4 rations


   Skills:
 * Level 4.0 Fighting
 * Level 2.8 Long Blades
 * Level 4.2 Armour
 + Level 0.2 Dodging
 + Level 3.8 Shields


You had one spell level left.
You didn't know any spells.
Your spell library was empty.

Dungeon Overview and Level Annotations

Branches:
Dungeon (2/15)

Altars:
Okawaru

Annotations:
D:2 Jessica


Innate Abilities, Weirdness & Mutations

You reflexively headbutt those who attack you in melee.
You have a pair of horns on your head.


Message History

The hobgoblin barely misses you. The goblin closely misses you.
The hobgoblin hits you.
* * * LOW HITPOINT WARNING * * *
The goblin barely misses you.
You riposte.
You closely miss the goblin.
Found an iron altar of Okawaru.
Jessica mumbles some strange words.
Jessica seems to speed up.
The gnoll closely misses you. The frilled lizard closely misses you.
The gnoll closely misses you. The gnoll hits you with a +0 spear.
* * * LOW HITPOINT WARNING * * *
The gnoll completely misses you. You furiously retaliate!
You headbutt the gnoll. The hobgoblin closely misses you.
You furiously retaliate!
You headbutt the hobgoblin!
You kill the hobgoblin!
The rat barely misses you. The gnoll hits you with a +0 spear.
* * * LOW HITPOINT WARNING * * *
There is a stone staircase leading up here.
Okay, then.
The rat bites you but does no damage. The gnoll hits you.
You die...

,,,,,,,,,.................,,,,,,,
,,,****,***#...##.#.....###******
,,,**,,,,,*#.#.##....).....,,,,,,
,,,*,,,,..,#..@.g.#.......*,*****
,,,*,,,,...#.#.##.#.#.#.#**,*
,,,,,,,_......rgg.......#,*******
,,,*,,,....#..llr##.#.#.#.#*,,,,,
,,,*,,,....#...rgg).......#*,,,,,
**,**,,...*#.###@##.#.#.#.#*,,,,,
**,****.#**#.**#.#.g#.#,*,,,,,,,,
**,,,,,,,,,..,,..#..#,.,*,**,,,,,
******,***##.,.......,.#****,,,,,
**** *,**,,,,.........,.,,,,,,,,,
,,,* *,**,,,...........##***,,,,,
,,,***,**,,.#......[...# *,,,,,
,,,*,,,,,,..#..........# *****,
,,,,,,,,,,**#..........# *,


You could see 3 gnolls, Jessica, a goblin, 2 frilled lizards and 3 rats.

Vanquished Creatures
  2 oozes (D:1)
  A leopard gecko (D:1)
  A bat (D:1)
  2 goblins
  5 hobgoblins
  3 frilled lizards (D:1)
  A rat (D:1)
15 creatures vanquished.

Notes
Turn   | Place    | Note
-------+----------+-------------------------------------------
     0 | D:1      | BlueFish the Minotaur Fighter began the quest for the Orb.
     0 | D:1      | Reached XP level 1. HP: 19/19 MP: 0/0
    60 | D:1      | Reached XP level 2. HP: 27/27 MP: 1/1
   482 | D:2      | Noticed Jessica
   487 | D:2      | Found an iron altar of Okawaru.
   491 | D:2      | HP: 1/27 [gnoll/+0 spear (2)]
   492 | D:2      | Slain by a gnoll

Levels and vault maps discovered:
D:1:      tarquinn_simple_flora_water_c, layout_rooms
D:2:      layout_basic, old_standard_altar, uniq_jessica

Skill      XL: |  1  2 |
---------------+-------+-----
Armour         | 4 |  4.2
Fighting       | 4 |  4.0
Long Blades    | |  2.8
Dodging        | |  0.2
Shields        | |  3.8

Action                   || total
-------------------------++-------
Melee: Long sword        ||    28
       Headbutt          ||     3
  Use: Scroll            ||     3
Armor: Scale mail        ||    14
       Leather armour    ||     2
Dodge: Dodged            ||    32
       Rpst.: Long sword ||     8

Table legend:
 A = Non-vault XP
 B = Vault XP
 C = Vault XP percentage of total XP
 D = Non-vault monster count
 E = Vault monster count
 F = Vault count percentage of total count
                 A         B        C        D         E       F
            +---------+---------+-------+---------+---------+-------
      Total |      37 |       0 |   0.0 |      15 |       0 |   0.0
            +---------+---------+-------+---------+---------+-------
        D:1 |      33 |       0 |   0.0 |      13 |       0 |   0.0
        D:2 |       4 |       0 |   0.0 |       2 |       0 |   0.0
            +---------+---------+-------+---------+---------+-------
